 Dungeon Crawl Stone Soup version 0.29-a0-22-gbf593b16ee (webtiles) character file.

Game seed: 1378530764825153343

639 issech the Cudgeller (level 7, -2/68 HPs)
             Began as a Troll Monk on Jan 29, 2022.
             Was an Initiate of Gozag.
             Hit by a stone thrown by an orc warrior (9 damage)
             ... on level 4 of the Dungeon.
             The game lasted 00:18:07 (3677 turns).

issech the Cudgeller (Troll Monk)                   Turns: 3677, Time: 00:18:07

Health: -2/68      AC:  4    Str: 20    XL:     7   Next: 25%
Magic:  6/6        EV: 11    Int:  6    God:    Gozag
Gold:   234        SH:  0    Dex: 14    Spells: 6/6 levels left

rFire   . . .      SeeInvis .   y - +3 mace (protect)
rCold   . . .      Faith    .   (no shield)
rNeg    . . .      Spirit   .   b - +0 robe
rPois   .          Reflect  .   (helmet restricted)
rElec   .          Harm     .   (no cloak)
rCorr   .          Rampage  .   (gloves unavailable)
Will    .....                   (boots unavailable)
Stlth   ++........              (no amulet)
HPRegen 1.01/turn               (no ring)
MPRegen 0.10/turn               (no ring)

@: no status effects
A: large, unfitting armour, claws 3, regeneration 1, shaggy fur 1, tough skin 1
a: Renounce Religion, Potion Petition, Call Merchant, Bribe Branch


You were on level 4 of the Dungeon.
You worshipped Gozag.
Gozag was aware of your devotion.
You visited 2 branches of the dungeon, and saw 6 of its levels.

You collected 234 gold pieces.

Inventory:

Hand Weapons
 a - a +0 mace
 l - a +0 hunting sling
 y - a +3 mace of protection (weapon)
Missiles
 h - 152 stones (quivered)
 i - 59 arrows
 o - 50 sling bullets
 u - 4 curare-tipped darts
 w - 3 boomerangs
 C - 5 javelins
Armour
 b - a +0 robe (worn)
Scrolls
 d - a scroll of immolation {unknown}
 f - a scroll of enchant weapon {unknown}
 j - a scroll of magic mapping {unknown}
 k - a scroll of enchant armour {unknown}
 m - a scroll of holy word {unknown}
 n - a scroll of silence {unknown}
 p - a scroll of noise {unknown}
 s - 2 scrolls of blinking
 t - a scroll of amnesia {unknown}
 x - a scroll of identify {unknown}
 A - 2 scrolls of teleportation {unknown}
Potions
 c - a potion of attraction {unknown}
 e - a potion of lignification {unknown}
 g - 2 potions of degeneration {unknown}
 q - 4 potions of mutation {unknown}
 r - a potion of brilliance {unknown}
 v - 2 potions of heal wounds {unknown}
 z - a potion of might
 B - a potion of invisibility {unknown}


   Skills:
 + Level 3.6 Fighting
 + Level 5.3 Maces & Flails
 + Level 1.1 Throwing
 + Level 4.2 Dodging
 + Level 1.6 Stealth


You had 6 spell levels left.
You didn't know any spells.
Your spell library contained the following spells:

 Spells                   Type           Power      Damage    Failure   Level
 Summon Lightning Spire   Summ/Air       0%         N/A       99%         4
 Storm Form               Tmut/Air       0%         N/A       100%        7
 Maxwell's Capacitive Co  Air            0%         ∞         100%        8


Dungeon Overview and Level Annotations

Branches:
Dungeon (5/15)             Temple (1/1) D:4

Altars:
Ashenzari
Dithmenos
Fedhas
Gozag
Kikubaaqudgha
Makhleb
Nemelex Xobeh
Okawaru
Qazlal
Ru
Sif Muna
Trog
Uskayaw
Wu Jian
Xom
Yredelemnul
Zin

Shops:
D:2 **[


Innate Abilities, Weirdness & Mutations

You are too large for most types of armour.
You have claws for hands.
Your natural rate of healing is unusually fast.
You are covered in fur. (AC +1)
You have tough skin. (AC +1)


Message History

You barely miss the orc warrior.
The orc warrior is almost dead.
An orc wizard appears from thin air!
Reactivating autopickup.
The orc wizard mumbles some strange words.
The orc wizard flickers and vanishes!
Deactivating autopickup; reactivate with Ctrl-A.
The orc warrior hits you with a +0 battleaxe of electrocution!
You hit the orc warrior but do no damage.
The orc warrior is almost dead.
The orc warrior closely misses you.
You hit the orc warrior but do no damage.
You claw the orc warrior, but do no damage.
The orc warrior is almost dead.
The orc warrior completely misses you.
You hit the orc warrior but do no damage.
The orc warrior is almost dead.
The orc warrior hits you with a +0 battleaxe of electrocution!
You hit the orc warrior but do no damage.
The orc warrior is almost dead.
The orc warrior hits you but does no damage.
You barely miss the orc warrior.
The orc warrior is almost dead.
The orc warrior hits you with a +0 battleaxe of electrocution!
The orc warrior hits you with a +0 battleaxe of electrocution.
You hit the orc warrior but do no damage.
The orc warrior is almost dead.
The orc warrior barely misses you.
There is a stone staircase leading up here.
The orc warrior hits you with a +0 battleaxe of electrocution!
* * * LOW HITPOINT WARNING * * *
You are electrocuted!
* * * LOW HITPOINT WARNING * * *
You climb upwards.
Reactivating autopickup.
There is a stone staircase leading down here.
The orc warrior closely misses you.
The orc warrior throws a stone.
The stone hits you!
You die...
Your body crumbles into a pile of gold.

#.P..########.#.....
#.P........[........
#.P.#####........#..
#.P.##...........###
#...#.............##
#...#...............
#[#.#..>.##.........
#.#..o..###........#
#.#@#..###.......#.#
#.#.####.........#..
#...# #.........#...
#...# ##.......##...
#._.#####......#...#
#...##.............#
#...##..............
#.#.##..###.........
#.#.#######.........


You could see an orc warrior.

Vanquished Creatures
  Grinder (D:2)
  A scorpion (D:4)
  A wyvern skeleton (D:5)
  A howler monkey (D:4)
  A hound (D:5)
  A centaur skeleton (D:4)
  An iguana (D:4)
  A hound skeleton (D:4)
  4 gnolls (D:5)
  3 adders
  An ufetubus (D:4)
  2 worms
  5 dart slugs
  10 orcs
  3 endoplasms
  3 giant cockroaches
  12 goblins
  6 hobgoblins
  7 jackals
  9 kobolds
  3 quokkas
  6 ball pythons
  5 bats
  3 frilled lizards
  5 rats
95 creatures vanquished.

Vanquished Creatures (others)
  5 plants (D:2)
5 creatures vanquished.

Grand Total: 100 creatures vanquished

Notes
Turn   | Place    | Note
-------+----------+-------------------------------------------
     0 | D:1      | issech the Troll Monk began the quest for the Orb.
     0 | D:1      | Reached XP level 1. HP: 22/22 MP: 0/0
   306 | D:1      | Reached XP level 2. HP: 29/29 MP: 1/1
   443 | D:1      | Reached skill level 3 in Maces & Flails
   548 | D:2      | Found Ireytebb's Assorted Antiques.
   715 | D:2      | Reached XP level 3. HP: 25/36 MP: 2/2
   754 | D:2      | Found a faded altar of an unknown god.
   758 | D:2      | Found Xaxteuwu's Antique Armour Shoppe.
   886 | D:2      | Found Agietij's Assorted Antiques.
  1365 | D:3      | Reached XP level 4. HP: 40/44 MP: 3/3
  1462 | D:3      | Noticed Grinder
  1719 | D:3      | Paralysed by Grinder for 2 turns
  1800 | D:3      | Paralysed by Grinder for 6 turns
  1880 | D:3      | Paralysed by Grinder for 3 turns
  1929 | D:3      | Paralysed by Grinder for 6 turns
  1985 | D:3      | Paralysed by Grinder for 6 turns
  2144 | D:2      | Paralysed by Grinder for 6 turns
  2152 | D:2      | Killed Grinder
  2153 | D:2      | Reached skill level 4 in Maces & Flails
  2153 | D:2      | Reached XP level 5. HP: 18/53 MP: 4/4
  2153 | D:2      | Reached XP level 6. HP: 20/61 MP: 5/5
  2479 | D:4      | Reached skill level 1 in Throwing
  2704 | D:4      | Found a staircase to the Ecumenical Temple.
  2711 | Temple   | Entered the Ecumenical Temple
  2884 | Temple   | Became a worshipper of Gozag Ym Sagoz the Greedy
  3211 | D:4      | Found an ornate altar of the Wu Jian Council.
  3393 | D:5      | Entered Level 5 of the Dungeon
  3446 | D:4      | Reached skill level 5 in Maces & Flails
  3446 | D:4      | Reached XP level 7. HP: 46/67 MP: 6/6
  3672 | D:5      | HP: 1/68 [orc warrior (17)]
  3677 | D:4      | Hit by a stone thrown by an orc warrior

Illustrated notes

Levels and vault maps discovered:
D:1:      lemuel_arrival_room, layout_rooms
D:2:      layout_basic, serial_shops, shop, nicolae_shop_trees,
          nicolae_shop_temple_entry_statues_fountains, basic_ecumenical_altar,
          serial_bayou_lagoon_a
D:3:      layout_basic, uniq_grinder
D:4:      corexii_shack_village, layout_cave_pools,
          mainiacjoe_overflow_boulevard, temple_green
D:5:      layout_loops_ring, minmay_chambers_of_fives
Temple:   kb_temple_of_zot

Skill      XL: |  1  2  3  4  5  6 |
---------------+-------------------+-----
Maces & Flails | 3 4 5 |  5.3
Fighting       | 3 |  3.6
Dodging        | 3 4 |  4.2
Throwing       | 1 |  1.1
Stealth        | |  1.6

Action                   |  1- 3 |  4- 6 |  7- 9 || total
-------------------------+-------+-------+-------++-------
Melee: Mace              |   129 |   174 |    40 ||   343
       Punch             |     1 |     4 |     1 ||     6
Throw: Stone             |       |    16 |       ||    16
  Use: Scroll            |       |     1 |       ||     1
 Stab: Sleeping          |     1 |     4 |       ||     5
Armor: Robe              |    68 |    56 |    15 ||   139
Dodge: Dodged            |    98 |   105 |    31 ||   234

Table legend: (Time is in decaauts)
 A = Elapsed time spent in this place.
 B = Non-inter-level travel time spent in this place.
 C = Inter-level travel time spent in this place.
 D = Time resting spent in this place.
 E = Time spent auto-exploring this place.
 F = Levels seen in this place.
 G = Mean time per level.
                   A        B        C        D        E       F      G
               +--------+--------+--------+--------+--------+-----+--------+
         Total |   3761 |   3728 |     33 |    109 |   1080 |   6 |  626.8 |
       Dungeon |   3524 |   3491 |     33 |    109 |    988 |   5 |  704.8 |
        Temple |    236 |    236 |      0 |      0 |     92 |   1 |  236.0 |
               +--------+--------+--------+--------+--------+-----+--------+

Top non-repeatable levels by time:
     D:3: 1104 daAuts
     D:2: 909 daAuts
     D:4: 746 daAuts
     D:1: 503 daAuts
     D:5: 260 daAuts
  Temple: 236 daAuts
